 Dungeon Crawl Stone Soup version 0.21.1-1-g345015fe64 (webtiles) character file.

499 Oravi the Slicer (level 7, -7/45 HPs)
             Began as a Halfling Fighter on Mar 29, 2018.
             Mangled by an ogre
             ... wielding a +0 giant club
              (12 damage)
             ... on level 5 of the Dungeon.
             The game lasted 00:11:58 (3373 turns).

Oravi the Slicer (Halfling Fighter)                 Turns: 3373, Time: 00:11:58

Health: -7/45      AC: 12    Str: 19    XL:     7   Next: 39%
Magic:  7/7        EV:  9    Int:  6    God:
Gold:   178        SH:  9    Dex: 14    Spells: 6/6 levels left

rFire    + . .     SeeInvis .   a - +1 rapier
rCold    . . .     Gourm    .   c - +0 shield
rNeg     + . .     Faith    .   t - +2 scale mail {rF+}
rPois    .         Spirit   .   (no helmet)
rElec    .         Reflect  .   x - +0 cloak
rCorr    .         Harm     .   g - +1 pair of gloves
MR       .....                  (no boots)
Stlth    ..........             d - amulet of rage
HPRegen  0.15/turn              q - ring of positive energy
MPRegen  0.10/turn              (no ring)

@: hasted, very quick
A: small, mutation resistance 1
a: Evoke Berserk Rage


You were on level 5 of the Dungeon.
You were not hungry.

You visited 2 branches of the dungeon, and saw 6 of its levels.

You collected 178 gold pieces.

Inventory:

Hand Weapons
 a - a +1 rapier (weapon)
 o - a cursed -3 hunting sling
Missiles
 j - 149 stones (quivered)
Armour
 c - a +0 shield (worn)
 g - a +1 pair of gloves (worn)
 t - a +2 scale mail of fire resistance (worn)
 x - a +0 cloak (worn)
Jewellery
 d - an amulet of rage (around neck)
 q - a ring of positive energy (left hand)
Scrolls
 e - a scroll of magic mapping
 h - 3 scrolls of teleportation
 m - a scroll of identify
 n - a scroll of fear
 v - a scroll of remove curse
Potions
 k - 2 potions of curing
 p - a potion of haste
 r - a potion of flight
 u - a potion of cancellation
Comestibles
 f - 5 rations


   Skills:
 - Level 2.6 Fighting
 + Level 9.1 Short Blades
 - Level 3.2 Armour
 - Level 3.2 Shields


You had 6 spell levels left.
You didn't know any spells.

Dungeon Overview and Level Annotations

Branches:
Dungeon (5/15)             Temple (1/1) D:4

Altars:
Ashenzari
Cheibriados
Dithmenos
Elyvilon
Fedhas
Gozag
Hepliaklqana
Kikubaaqudgha
Nemelex Xobeh
Ru
Sif Muna
Trog
Uskayaw
Wu Jian
Yredelemnul
The Shining One


Innate Abilities, Weirdness & Mutations

You are small and have problems with some larger weapons.
You are somewhat resistant to further mutation.


Message History

You are too injured to fight recklessly!
You are too injured to fight recklessly!
You are too injured to fight recklessly!
You are too injured to fight recklessly!
Okay, then.
You feel yourself speed up. The ogre hits you with a giant club!
* * * LOW HITPOINT WARNING * * *
You closely miss the ogre.
The ogre is lightly wounded.
You hit the ogre.
The ogre is heavily wounded.
The ogre closely misses you.
You puncture the ogre!
The ogre is severely wounded.
You hit the ogre.
The ogre is severely wounded.
You hit the ogre.
The ogre is almost dead.
The ogre hits you with a giant club!
You die...

#..........## *,,,*,* *,*
##.##.###..# ***,*,* *,***
#.##.# #..######.,,,* *,,,,
#.##.# #.........*,,* *****
#.##.# ##.######.,,** #.##.#
#.#######.** *,**,*
#>.....%..* *,**,*
#..#######* *,**,***#.$@OZ#
*,**......(##$# ***********
*,**########*,# **,,,,,,,,,,
*,*****,,,***,***,*,******,,
*,,,,,,,,,,,,,,,,***,,,,,,,*
*******,,,***,***,*,********
***** *,,,,,,** ********


You could see an ogre and a leopard gecko skeleton.

Vanquished Creatures
  A sky beast (D:5)
  A scorpion (D:2)
  A bullfrog zombie (D:5)
  2 orc priests
  A bullfrog skeleton (D:4)
  Terence (D:2)
  2 orc wizards (D:4)
  A worker ant (D:4)
  3 gnolls (D:3)
  A worker ant zombie (D:5)
  3 adders
  An ooze (D:2)
  A worm (D:3)
  A dart slug (D:1)
  2 leopard geckos (D:1)
  8 orcs
  A ball python (D:3)
  5 bats
  A giant cockroach (D:1)
  7 goblins
  5 hobgoblins
  4 kobolds
  A quokka (D:4)
  4 frilled lizards
  A quokka skeleton (D:4)
  4 rats (D:1)
63 creatures vanquished.

Notes
Turn   | Place    | Note
-------+----------+-------------------------------------------
     0 | D:1      | Oravi the Halfling Fighter began the quest for the Orb.
     0 | D:1      | Reached XP level 1. HP: 15/15 MP: 1/1
    46 | D:1      | Reached skill level 3 in Short Blades
    80 | D:1      | Reached XP level 2. HP: 20/20 MP: 2/2
   376 | D:1      | Reached skill level 4 in Short Blades
   376 | D:1      | Reached XP level 3. HP: 20/25 MP: 3/3
  1051 | D:2      | Noticed a scorpion
  1062 | D:2      | Killed a scorpion
  1062 | D:2      | Reached skill level 5 in Short Blades
  1062 | D:2      | Reached XP level 4. HP: 30/30 MP: 4/4
  1112 | D:2      | Noticed Terence
  1138 | D:2      | Killed Terence
  1138 | D:2      | Reached XP level 5. HP: 32/35 MP: 5/5
  1146 | D:2      | Reached skill level 6 in Short Blades
  1391 | D:2      | Found a deep blue altar of Sif Muna.
  2433 | D:3      | Reached skill level 7 in Short Blades
  2433 | D:3      | Reached XP level 6. HP: 26/41 MP: 6/6
  2518 | D:4      | Found a staircase to the Ecumenical Temple.
  2525 | Temple   | Entered the Ecumenical Temple
  2917 | D:4      | Reached skill level 8 in Short Blades
  3178 | D:4      | Reached XP level 7. HP: 45/45 MP: 7/7
  3199 | D:5      | Entered Level 5 of the Dungeon
  3327 | D:5      | Reached skill level 9 in Short Blades
  3373 | D:5      | Mangled by an ogre

Skill      XL: |  1  2  3  4  5  6  7 |
---------------+----------------------+-----
Short Blades   | 3 4 5 7 8 9 |  9.1
Fighting       | |  2.6
Armour         | |  3.2
Shields        | |  3.2

Action                   |  1- 3 |  4- 6 |  7- 9 || total
-------------------------+-------+-------+-------++-------
Melee: Rapier            |    82 |   172 |    49 ||   303
  Use: Potion            |       |     2 |     1 ||     3
       Scroll            |       |       |    14 ||    14
  Eat: Chunk             |       |     7 |     1 ||     8
Armor: Scale mail        |    37 |    46 |    11 ||    94
Dodge: Dodged            |    29 |    37 |    10 ||    76
Block: Shield            |    39 |    65 |    12 ||   116
